AoeStats
← joosephy

Nomad

507789911Analyzed
4v4 RM · 14d ago on Sep 19, 2026· 39m 10s· 8 players
Game mode
Random Map
Map size
231×231
Population
200
Speed
Normal
Resources
Standard
Victory
Conquest
Starting age
Dark Age
Ending age
Imperial Age
RankedLock teamsTeams togetherTeam positionsShared explorationLock speedFull tech treeHidden civsTurbo modeCheats
Victory
Defeat
🇨🇭 Dravidians · Switzerland
1586
+15
🇫🇷 Vikings · France
1542
+17
🇹🇼 Magyars · Taiwan
1520
+18
🇩🇪 Japanese · Germany
1518
+18
🇹🇷 Persians · Türkiye
1594
-18
🇹🇷 Dravidians · Türkiye
1570
-17
🇹🇷 Mongols · Türkiye
1568
-17
🇹🇷 Mongols · Türkiye
1545
-16
TATAKAE
5:13 Loom
9:52 Loom
12:29 Feudal Age
13:04 Double-Bit Axe
15:15 Fishing Lines
19:20 Castle Age
19:50 Castle Age
20:46 Bow Saw
21:56 Stone Mining
22:21 Gillnets
29:29 Imperial Age
28:08 Gold Mining
28:33 Scale Mail Armor
29:40 Chain Mail Armor
29:35 Forging
29:12 Treadmill Crane
29:42 Squires
29:28 Arson
31:01 Iron Casting
31:02 Conscription
31:31 Chieftains
31:45 Horse Collar
32:34 Heavy Plow
32:09 Elite Berserk
33:06 Fletching
35:15 Crop Rotation
36:39 Plate Mail Armor
37:09 Blast Furnace
36:56 Bodkin Arrow
37:02 Padded Archer Armor
37:15 Masonry
Tschab
10:55 Loom
13:29 Feudal Age
17:59 Castle Age
16:20 Double-Bit Axe
17:22 Fishing Lines
19:01 Gillnets
19:31 Bow Saw
20:40 Town Watch
28:06 Horse Collar
28:58 Gold Mining
29:42 Fletching
30:23 Bodkin Arrow
30:08 Elite Skirmisher
33:35 Padded Archer Armor
34:17 Ballistics
34:47 Wheelbarrow
39:50 Imperial Age
39:25 Leather Archer Armor
39:22 Masonry
Hommi
5:04 Loom
12:13 Feudal Age
17:33 Castle Age
16:15 Double-Bit Axe
17:55 Scale Barding Armor
19:11 Bloodlines
21:16 Chain Barding Armor
24:17 Fishing Lines
27:39 Horse Collar
30:15 Squires
31:44 Scale Mail Armor
32:22 Arson
33:06 Chain Mail Armor
33:02 Forging
32:51 Gold Mining
36:40 Wheelbarrow
38:42 Imperial Age
38:19 Iron Casting
39:57 Plate Mail Armor
joosephy
9:59 Loom
12:01 Feudal Age
12:37 Double-Bit Axe
16:41 Wheelbarrow
22:21 Castle Age
20:27 Fishing Lines
20:41 Horse Collar
20:56 Stone Mining
23:10 Town Watch
23:56 Scale Barding Armor
25:10 Fletching
27:46 Husbandry
28:35 Bloodlines
28:51 Gold Mining
30:05 Chain Barding Armor
32:59 Hand Cart
35:43 Gillnets
39:36 Imperial Age
ツfeodALİ
5:36 Loom
12:40 Feudal Age
13:06 Double-Bit Axe
16:05 Horse Collar
20:49 Castle Age
19:47 Forging
20:23 Scale Barding Armor
21:19 Bloodlines
22:02 Bow Saw
29:06 Husbandry
28:59 Town Watch
29:55 Wheelbarrow
30:04 Heavy Plow
37:58 Imperial Age
DaRKN'
3:33 Loom
12:19 Feudal Age
12:48 Double-Bit Axe
13:59 Horse Collar
16:06 Double-Bit Axe
22:37 Castle Age
21:06 Gold Mining
22:15 Fletching
22:26 Padded Archer Armor
22:37 Bloodlines
Kataklysm
4:49 Loom
13:49 Feudal Age
14:40 Double-Bit Axe
21:57 Castle Age
19:51 Stone Mining
22:04 Horse Collar
24:45 Bow Saw
24:28 Fletching
25:01 Town Watch
28:10 Wheelbarrow
30:35 Gold Mining
31:20 Bodkin Arrow
sinx
9:23 Loom
10:45 Loom
13:34 Feudal Age
17:37 Castle Age
16:54 Fletching
16:54 Double-Bit Axe
21:34 Bodkin Arrow
27:09 Ballistics
32:17 Bloodlines
37:03 Padded Archer Armor
Connection lost

Rejoining the realm…

Still unreachable

The connection could not be restored.

Session expired

The server has moved on; the page needs a fresh start.